 Dungeon Crawl Stone Soup version 0.22-a0-322-g60b3cfd (webtiles) character file.

141597 xccam the Timeless (level 17, -5/133 HPs)
             Began as a Gnoll Wanderer on Apr 3, 2018.
             Was a High Priest of Cheibriados.
             Shot with a bolt by a naga sharpshooter (24 damage)
             ... on level 4 of the Snake Pit.
             The game lasted 01:24:38 (26343 turns).

xccam the Timeless (Gnoll Wanderer)                Turns: 26343, Time: 01:24:38

Health: -5/133     AC: 24    Str: 36    XL:     17   Next: 33%
Magic:  8/32       EV: 23    Int: 27    God:    Cheibriados [*****.]
Gold:   2585       SH: 10    Dex: 30    Spells: 28/38 levels left

rFire    + + .     SeeInvis .   x - +2 demon trident (elec)
rCold    . . .     Gourm    +   Y - +1 buckler {rF+}
rNeg     + . .     Faith    .   J - +3 scale mail {rPois}
rPois    +         Spirit   .   B - +2 helmet
rElec    .         Reflect  .   R - +2 cloak of Ziucw {rN+ Regen+ Slay+3}
rCorr    .         Harm     .   y - +0 pair of gloves
MR       ++...                  A - +2 pair of boots
Stlth    +++++.....             W - amulet of the gourmand
HPRegen  0.72/turn              b - ring of Ofeqefukk {+Inv +Fly MR+}
MPRegen  0.23/turn              V - ring of stealth

@: about to teleport, very slightly contaminated, very slow
A: distributed training, fangs 1, talons 1, fire resistance 1, strong nose
a: Bend Time, Temporal Distortion, Slouch, Step From Time, Renounce Religion,
Evoke Invisibility, Evoke Flight


You were on level 4 of the Snake Pit.
You worshipped Cheibriados.
Cheibriados was extremely pleased with you.
You were full.

You visited 5 branches of the dungeon, and saw 25 of its levels.
You also visited: Labyrinth and Ice Cave.

You collected 2907 gold pieces.
You spent 322 gold pieces at shops.

Inventory:

Hand Weapons
 x - a +2 demon trident of electrocution (weapon)
 G - a +1 scimitar of holy wrath
 M - the +6 great sword of Tomorrow {flame, +Rage +Fly rC+ Int-5}
   (You found it in an ice cave)

   It has been specially enchanted to burn those struck by it, causing extra
   injury to most foes and up to half again as much damage against particularly
   susceptible opponents.
   Big, fiery blades are also staple armaments of hydra-hunters.
   It affects your intelligence (-5).
   It protects you from cold.
   It lets you fly.
   It lets you go berserk.
Missiles
 i - 14 javelins (quivered)
 S - 30 tomahawks
Armour
 a - a scarf of resistance
 o - a +2 chain mail of cold resistance
 q - a +0 large shield of fire resistance
 y - a +0 pair of gloves (worn)
 A - a +2 pair of boots (worn)
 B - a +2 helmet (worn)
 J - a +3 scale mail of poison resistance (worn)
 Q - a +0 plate armour
 R - the +2 cloak of Ziucw (worn) {rN+ Regen+ Slay+3}
   (You acquired it on level 6 of the Lair of Beasts)

   It affects your accuracy and damage with ranged weapons and melee attacks
   (+3).
   It protects you from negative energy.
   It increases your rate of regeneration.
 Y - a +1 buckler of fire resistance (worn)
Jewellery
 b - the ring of Ofeqefukk (left hand) {+Inv +Fly MR+}
   (You found it on level 1 of the Lair of Beasts)

   [ring of flight]

   It affects your resistance to hostile enchantments.
   It lets you turn invisible.
   It lets you fly.
 e - an uncursed ring of magical power
 j - the ring "Hatuonew" {rC+ MR- MP+9 Int+2 Dex+4}
   (You took it off a naga on level 3 of the Snake Pit)

   [ring of intelligence]

   It affects your intelligence (+2).
   It affects your dexterity (+4).
   It protects you from cold.
   It affects your resistance to hostile enchantments.
   It affects your magic capacity (+9).
 T - an uncursed ring of ice
 V - a ring of stealth (right hand)
 W - an amulet of the gourmand (around neck)
Wands
 c - a wand of digging (12)
 k - a wand of disintegration (9)
 C - a wand of paralysis (50)
 F - a wand of flame (22)
 L - a wand of iceblast (17)
 N - a wand of acid (7)
Scrolls
 f - 7 scrolls of amnesia
 g - 3 scrolls of blinking
 h - 4 scrolls of fear
 l - a scroll of summoning
 m - 14 scrolls of remove curse
 n - 3 scrolls of immolation
 p - a scroll of brand weapon
 t - 2 scrolls of teleportation
 v - a scroll of magic mapping
 P - 2 scrolls of identify
 X - a scroll of enchant weapon
Potions
 r - 4 potions of curing
 s - 2 potions of ambrosia
 u - 7 potions of might
 w - 2 potions of magic
 z - 4 potions of lignification
 D - a potion of brilliance
 E - 7 potions of mutation
 H - 5 potions of flight
 I - a potion of invisibility
 K - a potion of heal wounds
 O - 2 potions of cancellation
 U - a potion of resistance
Miscellaneous
 Z - a phantom mirror
Comestibles
 d - 45 rations


   Skills:
 + Level 12.0 Fighting
 + Level 11.5 Short Blades
 + Level 11.2 Long Blades
 + Level 11.2 Axes
 + Level 12.0 Maces & Flails
 + Level 11.2 Polearms
 + Level 11.2 Staves
 + Level 11.2 Slings
 + Level 11.2 Bows
 + Level 11.2 Crossbows
 + Level 12.0 Throwing
 + Level 12.0 Armour
 + Level 11.2 Dodging
 + Level 11.5 Stealth
 + Level 11.2 Shields
 + Level 11.2 Unarmed Combat
 + Level 11.2 Spellcasting
 + Level 9.6 Conjurations
 + Level 9.6 Hexes
 + Level 9.6 Charms
 + Level 9.6 Summonings
 + Level 9.6 Necromancy
 + Level 9.6 Translocations
 + Level 9.6 Transmutations
 + Level 9.6 Fire Magic
 + Level 9.6 Ice Magic
 + Level 9.6 Air Magic
 + Level 9.6 Earth Magic
 + Level 9.6 Poison Magic
 + Level 12.2 Invocations
 + Level 11.2 Evocations


You had 28 spell levels left.
You knew the following spells:

 Your Spells              Type           Power        Failure   Level  Hunger
a - Blink                 Tloc           N/A          1%          2    None
b - Mephitic Cloud        Conj/Pois/Air  ######..     1%          3    None
c - Bolt of Magma         Conj/Fire/Erth ######....   3%          5    ###....


Dungeon Overview and Level Annotations

Branches:
Dungeon (12/15)            Temple (1/1) D:4            Lair (6/6) D:10
 Shoals (0/4) Lair:4        Snake (4/4) Lair:3        Slime (0/5) Lair:5
    Orc (2/2) D:10            Elf (0/3) Orc:2

Altars:
Ashenzari
Cheibriados
Elyvilon
Fedhas
Gozag
Hepliaklqana
Kikubaaqudgha
Makhleb
Nemelex Xobeh
Okawaru
Qazlal
Ru
Trog
Uskayaw
Vehumet
Wu Jian
Xom
Yredelemnul
Zin
The Shining One

Shops:
D:8 %   Orc:1 [   Orc:2 *!(}

Portals:
Pandemonium: Orc:2

Annotations:
Snake:3 Mara


Innate Abilities, Weirdness & Mutations

Your experience applies equally to all skills.
You have very sharp teeth.
Your uncanny sense of smell can sniff out nearby items.
You have sharp toenails.
Your flesh is heat resistant. (rF+)


Message History

The javelin hits the naga sharpshooter but does no damage.
The naga sharpshooter is lightly wounded.
The naga sharpshooter gestures wildly while chanting.
The naga sharpshooter magically shoots a bolt.
The bolt hits you!!
* * * LOW HITPOINT WARNING * * *
The bolt freezes you.
* * * LOW HITPOINT WARNING * * *
You feel much better.
The naga sharpshooter shoots a bolt.
You block the bolt.
As you read the scroll of teleportation, it crumbles to dust.
You feel strangely unstable.
Throwing (i - inventory. (/) - cycle)
i - 15 javelins (quivered)
Press: ? - help, Shift-Dir - straight line, f/p - naga sharpshooter
Aim: a naga sharpshooter, wielding an arbalest of freezing (lightly wounded)
You throw a javelin. The javelin hits the naga sharpshooter.
The naga sharpshooter is lightly wounded.
The naga sharpshooter mumbles some strange words.
The naga sharpshooter magically shoots a bolt.
The bolt hits you!!
You die...

. .. #.. . ###
##)N ### ##NN.
###.######)N##
#####.(...))))###
#@......N..))##
###########.##
#### ###..##
####.....####
##............
#....รท........
##..####...###.
#..## #..## #.


You could see a naga sharpshooter.

Vanquished Creatures
  Vashnia (Snake:2)
  2 nagarajas
  A frost giant (IceCv)
  Nessos (D:12)
  A minotaur (Lab)
  Josephine (Lair:5)
  Fannar (D:11)
  12 naga warriors
  10 hydras
  7 anacondas
  A queen ant (Lair:3)
  2 two-headed ogres (D:12)
  Erica (D:9)
  3 death yaks (Lair:6)
  9 naga sharpshooters
  3 shock serpents
  2 orc high priests (Orc:2)
  A sun demon (Orc:2)
  Nergalle (D:11)
  3 salamander mystics
  An unseen horror (D:12)
  A sixfirhy (Orc:2)
  2 torturous demonspawn (Orc:2)
  6 naga ritualists
  An infernal demonspawn (Orc:2)
  2 wolf spiders (Lair:6)
  5 orc knights (Orc:2)
  An ugly thing (D:12)
  8 mana vipers
  11 orc sorcerers
  3 oklob plants (Lair:1)
  A cyclops (D:11)
  12 salamanders
  2 centaur zombies (D:12)
  A manticore (Lair:4)
  Maurice (D:9)
  20 naga magi
  A rust devil (Orc:2)
  2 ice statues (IceCv)
  Psyche (D:11)
  6 guardian serpents
  A smoke demon (Orc:2)
  36 black mambas
  17 spiny frogs
  8 komodo dragons
  4 rime drakes
  A red devil (Orc:2)
  3 trolls
  11 polar bears
  3 hornets
  13 hippogriffs
  15 blink frogs
  11 wyverns (Lair:6)
  13 redbacks
  4 wraiths (Lair:5)
  A shadow (D:11)
  A fire elemental (Lair:6)
  A steam dragon (D:10)
  56 yaks
  3 hungry ghosts
  3 basilisks
  2 wargs (Orc:2)
  34 nagas
  27 water moccasins
  5 soldier ants (Lair:3)
  5 sky beasts
  7 porcupines
  4 black bears
  3 ice beasts
  30 orc warriors
  7 ogres
  A phantom (D:8)
  4 centaurs
  13 wolves (IceCv)
  9 crocodiles
  3 big kobolds
  17 bullfrogs
  6 gnoll sergeants
  A scorpion (D:11)
  A wyvern skeleton (D:12)
  4 wights (D:7)
  8 killer bees
  A howler monkey (D:5)
  4 electric eels
  15 jellies
  2 crimson imps
  A bullfrog zombie (D:6)
  4 bullfrog skeletons
  10 hounds
  A gnoll shaman (D:10)
  27 orc priests
  2 centaur skeletons
  20 orc wizards
  Jessica (D:3)
  Ijyb (D:4)
  2 iguanas
  4 hell rats (Lair:2)
  13 worker ants
  A killer bee zombie (D:10)
  A hound skeleton (D:8)
  A howler monkey zombie (D:9)
  2 worker ant zombies
  Robin (D:4)
  33 gnolls
  10 river rats (Lair:2)
  16 adders
  2 shadow imps
  An ooze (D:7)
  2 worms (D:4)
  A dart slug (D:3)
  3 leopard geckos
  50 orcs
  A ball python (Lair:3)
  7 bats
  2 giant cockroaches (D:3)
  18 goblins
  8 hobgoblins
  16 jackals
  23 kobolds
  14 quokkas
  2 frilled lizards
  3 leopard gecko skeletons
  17 rats
  A fungus (Lair:5)
  2 plants
893 creatures vanquished.

Vanquished Creatures (collateral kills)
  2 crocodiles (Lair:1)
  A bullfrog (Lair:1)
3 creatures vanquished.

Vanquished Creatures (others)
  A guardian serpent (Snake:1)
  A polar bear (IceCv)
  An orc priest (Orc:2)
  An adder (D:10)
  2 orcs (Orc:2)
  26 fungi
  28 plants
60 creatures vanquished.

Grand Total: 956 creatures vanquished

Notes
Turn   | Place    | Note
-------+----------+-------------------------------------------
     0 | D:1      | xccam the Gnoll Wanderer began the quest for the Orb.
     0 | D:1      | xccam set off with: a +2 mace, a +0 ring mail, a potion of curing, a ration
     0 | D:1      | Reached XP level 1. HP: 20/20 MP: 1/1
   100 | D:1      | Reached XP level 2. HP: 18/26 MP: 2/2
   390 | D:1      | Reached XP level 3. HP: 26/31 MP: 3/3
   670 | D:2      | Found a shimmering altar of Xom.
   670 | D:2      | Found a shimmering altar of Xom.
   671 | D:2      | Found a shimmering altar of Xom.
   705 | D:2      | Reached skill level 1 in Invocations
   786 | D:2      | Found a glowing golden altar of the Shining One.
   804 | D:2      | Found a stormy altar of Qazlal.
   818 | D:2      | Found an iron altar of Okawaru.
   830 | D:2      | Found a sacrificial altar of Ru.
   904 | D:2      | You fall through a shaft for 2 floors!
   965 | D:3      | Reached skill level 1 in Long Blades
   965 | D:3      | Reached skill level 1 in Axes
   965 | D:3      | Reached skill level 1 in Polearms
   965 | D:3      | Reached skill level 1 in Staves
   965 | D:3      | Reached skill level 1 in Slings
   965 | D:3      | Reached skill level 1 in Bows
   965 | D:3      | Reached skill level 1 in Crossbows
   965 | D:3      | Reached skill level 1 in Dodging
   965 | D:3      | Reached skill level 1 in Shields
   965 | D:3      | Reached skill level 1 in Unarmed Combat
   965 | D:3      | Reached skill level 1 in Spellcasting
   965 | D:3      | Reached skill level 1 in Evocations
  1014 | D:3      | Reached XP level 4. HP: 38/38 MP: 5/5
  1051 | D:2      | Found a hide-covered altar of Uskayaw.
  1591 | D:2      | Found a glowing silver altar of Zin.
  1745 | D:3      | Reached skill level 1 in Conjurations
  1745 | D:3      | Reached skill level 1 in Hexes
  1745 | D:3      | Reached skill level 1 in Charms
  1745 | D:3      | Reached skill level 1 in Summonings
  1745 | D:3      | Reached skill level 1 in Necromancy
  1745 | D:3      | Reached skill level 1 in Translocations
  1745 | D:3      | Reached skill level 1 in Transmutations
  1745 | D:3      | Reached skill level 1 in Fire Magic
  1745 | D:3      | Reached skill level 1 in Ice Magic
  1745 | D:3      | Reached skill level 1 in Air Magic
  1745 | D:3      | Reached skill level 1 in Earth Magic
  1745 | D:3      | Reached skill level 1 in Poison Magic
  1768 | D:3      | Reached XP level 5. HP: 23/43 MP: 2/6
  2144 | D:3      | Noticed Jessica
  2154 | D:3      | Killed Jessica
  2299 | D:4      | Noticed an ogre
  2307 | D:4      | Killed an ogre
  2307 | D:4      | Reached XP level 6. HP: 50/50 MP: 6/8
  2849 | D:4      | Found a staircase to the Ecumenical Temple.
  2871 | D:4      | Noticed Ijyb
  2874 | D:4      | Paralysed by Ijyb for 7 turns
  2897 | D:4      | Paralysed by Ijyb for 3 turns
  2906 | D:4      | Killed Ijyb
  3009 | D:4      | Noticed Robin
  3046 | D:4      | Reached skill level 5 in Fighting
  3046 | D:4      | Reached skill level 5 in Maces & Flails
  3046 | D:4      | Reached skill level 5 in Throwing
  3046 | D:4      | Reached skill level 5 in Armour
  3053 | D:4      | Killed Robin
  3579 | Temple   | Entered the Ecumenical Temple
  3590 | Temple   | Became a worshipper of Cheibriados the Contemplative
  3621 | D:5      | Entered Level 5 of the Dungeon
  3859 | D:5      | Noticed an orc warrior
  3861 | D:5      | Reached XP level 7. HP: 53/56 MP: 8/10
  4525 | D:6      | Reached XP level 8. HP: 63/63 MP: 12/12
  4942 | D:7      | Found an ornate altar of the Wu Jian Council.
  4951 | D:7      | Reached * piety under Cheibriados
  5022 | D:7      | Reached XP level 9. HP: 52/69 MP: 9/14
  5041 | D:7      | Reached ** piety under Cheibriados
  5358 | D:7      | Reached skill level 5 in Short Blades
  5509 | D:7      | Reached skill level 5 in Stealth
  5696 | D:7      | You fall through a shaft for 3 floors!
  5696 | D:10     | Entered Level 10 of the Dungeon
  5697 | D:10     | Found a staircase to the Lair.
  5725 | D:9      | Noticed Erica
  5739 | D:9      | Killed Erica
  5739 | D:9      | Reached skill level 5 in Invocations
  5757 | D:9      | Found a radiant altar of Vehumet.
  5763 | D:9      | Reached XP level 10. HP: 71/77 MP: 17/17
  5771 | D:9      | Reached *** piety under Cheibriados
  6105 | D:9      | Reached skill level 5 in Long Blades
  6105 | D:9      | Reached skill level 5 in Axes
  6105 | D:9      | Reached skill level 5 in Polearms
  6105 | D:9      | Reached skill level 5 in Staves
  6105 | D:9      | Reached skill level 5 in Slings
  6105 | D:9      | Reached skill level 5 in Bows
  6105 | D:9      | Reached skill level 5 in Crossbows
  6105 | D:9      | Reached skill level 5 in Dodging
  6105 | D:9      | Reached skill level 5 in Shields
  6105 | D:9      | Reached skill level 5 in Unarmed Combat
  6105 | D:9      | Reached skill level 5 in Spellcasting
  6105 | D:9      | Reached skill level 5 in Evocations
  6276 | D:9      | Noticed Maurice
  6308 | D:9      | Killed Maurice
  6308 | D:9      | Reached **** piety under Cheibriados
  6576 | D:8      | Found Kucuucwi's Food Shop.
  7636 | D:10     | Reached XP level 11. HP: 84/84 MP: 19/19
  7822 | D:10     | Reached ***** piety under Cheibriados
  8253 | D:10     | Reached skill level 5 in Conjurations
  8253 | D:10     | Reached skill level 5 in Hexes
  8253 | D:10     | Reached skill level 5 in Charms
  8253 | D:10     | Reached skill level 5 in Summonings
  8253 | D:10     | Reached skill level 5 in Necromancy
  8253 | D:10     | Reached skill level 5 in Translocations
  8253 | D:10     | Reached skill level 5 in Transmutations
  8253 | D:10     | Reached skill level 5 in Fire Magic
  8253 | D:10     | Reached skill level 5 in Ice Magic
  8253 | D:10     | Reached skill level 5 in Air Magic
  8253 | D:10     | Reached skill level 5 in Earth Magic
  8253 | D:10     | Reached skill level 5 in Poison Magic
  8616 | D:10     | Found a staircase to the Orcish Mines.
  8747 | D:11     | Noticed Fannar
  8753 | D:11     | Killed Fannar
  8999 | D:11     | Noticed Psyche
  9007 | D:11     | Killed Psyche
  9015 | D:11     | Noticed a five-headed hydra
  9020 | D:11     | Killed a one-headed hydra
  9035 | D:11     | Noticed Nergalle
  9042 | D:11     | Killed Nergalle
  9139 | D:11     | Noticed a cyclops
  9150 | D:11     | Killed a cyclops
  9253 | D:11     | Reached XP level 12. HP: 56/93 MP: 22/22
  9495 | D:12     | Noticed Nessos
  9502 | D:12     | Killed Nessos
  9946 | D:12     | Noticed a two-headed ogre
  9953 | D:12     | Killed a two-headed ogre
 10183 | D:12     | Noticed a seven-headed hydra
 10194 | D:12     | Killed a three-headed hydra
 10508 | D:12     | Noticed a two-headed ogre
 10514 | D:12     | Killed a two-headed ogre
 10719 | D:12     | Reached ****** piety under Cheibriados
 10782 | Lair:1   | Entered Level 1 of the Lair of Beasts
 10783 | Lair:1   | Found a shimmering altar of Xom.
 10808 | Lair:1   | Identified a scroll of acquirement
 10922 | Lair:1   | Found a labyrinth entrance.
 10944 | Lab      | Entered a labyrinth
 11508 | Lab      | Noticed a minotaur
 11516 | Lab      | Killed a minotaur
 11516 | Lab      | Reached XP level 13. HP: 82/101 MP: 24/24
 11520 | Lab      | Got a warped copper ring
 11539 | Lab      | Identified the ring "Wimoy" {MR- Str+7 Int+2 Dex+3} (You found it in a labyrinth)
 12221 | Lair:1   | Learned a level 2 spell: Blink
 12226 | Lair:1   | Got a coiled brass ring
 12231 | Lair:1   | Identified the ring of Ofeqefukk {+Inv +Fly MR+} (You found it on level 1 of the Lair of Beasts)
 13620 | Lair:3   | Found a frozen archway.
 13631 | IceCv    | Entered an ice cave
 14293 | IceCv    | Noticed a frost giant
 14315 | IceCv    | Killed a frost giant
 14581 | IceCv    | Got a slimy great sword
 14587 | IceCv    | Identified the +6 great sword of Tomorrow {flame, +Rage +Fly rC+ Int-5} (You found it in an ice cave)
 14866 | Lair:3   | Reached XP level 14. HP: 109/109 MP: 26/26
 14918 | Lair:3   | Found a staircase to the Snake Pit.
 15016 | Lair:3   | Gained mutation: You have sharp toenails. [potion of mutation]
 15016 | Lair:3   | Gained mutation: Your flesh is heat resistant. (rF+) [potion of mutation]
 15481 | Lair:3   | Reached skill level 10 in Fighting
 15481 | Lair:3   | Reached skill level 10 in Maces & Flails
 15481 | Lair:3   | Reached skill level 10 in Throwing
 15481 | Lair:3   | Reached skill level 10 in Armour
 15838 | Lair:4   | Found a staircase to the Shoals.
 16532 | Lair:5   | Found a staircase to the Slime Pits.
 16669 | Lair:5   | Noticed Josephine
 16677 | Lair:5   | Killed Josephine
 17091 | Lair:5   | Reached skill level 10 in Invocations
 17593 | Lair:6   | Entered Level 6 of the Lair of Beasts
 18294 | Lair:6   | Got a distressingly furry cloak
 18305 | Lair:6   | Identified the +2 cloak of Ziucw {rN+ Regen+ Slay+3} (You acquired it on level 6 of the Lair of Beasts)
 18653 | Lair:6   | Reached XP level 15. HP: 117/117 MP: 28/28
 18782 | Lair:6   | Reached skill level 10 in Short Blades
 18870 | Lair:6   | Reached skill level 10 in Stealth
 19517 | Orc:1    | Entered Level 1 of the Orcish Mines
 19798 | Orc:1    | Learned a level 3 spell: Mephitic Cloud
 19808 | Orc:2    | Entered Level 2 of the Orcish Mines
 19922 | Orc:1    | Found Bunwesee's Armour Boutique.
 20775 | Orc:2    | Found a staircase to the Elven Halls.
 20845 | Orc:2    | Found Sacyfoskur's Distillery.
 20855 | Orc:2    | Found Irphotyme's General Store.
 20989 | Orc:2    | Paralysed by an orc sorcerer for 3 turns
 21131 | Orc:2    | Reached skill level 10 in Long Blades
 21131 | Orc:2    | Reached skill level 10 in Axes
 21131 | Orc:2    | Reached skill level 10 in Polearms
 21131 | Orc:2    | Reached skill level 10 in Staves
 21131 | Orc:2    | Reached skill level 10 in Slings
 21131 | Orc:2    | Reached skill level 10 in Bows
 21131 | Orc:2    | Reached skill level 10 in Crossbows
 21131 | Orc:2    | Reached skill level 10 in Dodging
 21131 | Orc:2    | Reached skill level 10 in Shields
 21131 | Orc:2    | Reached skill level 10 in Unarmed Combat
 21131 | Orc:2    | Reached skill level 10 in Spellcasting
 21131 | Orc:2    | Reached skill level 10 in Evocations
 21159 | Orc:2    | Paralysed by an orc sorcerer for 3 turns
 21562 | Orc:2    | Found Ukewaq's Gadget Shop.
 21562 | Orc:2    | Found a one-way gate leading to the halls of Pandemonium.
 21562 | Orc:2    | Found Viog's Antique Weapon Boutique.
 21880 | Orc:1    | Bought a +3 scale mail of poison resistance for 322 gold pieces
 21997 | Snake:1  | Entered Level 1 of the Snake Pit
 22391 | Snake:1  | Learned a level 5 spell: Bolt of Magma
 22578 | Snake:1  | Reached XP level 16. HP: 42/125 MP: 24/30
 24326 | Snake:2  | Noticed Vashnia
 24350 | Snake:2  | Killed Vashnia
 24357 | Snake:2  | HP: 5/126 [naga sharpshooter/bolt[Vashnia] (21)]
 24583 | Snake:3  | Noticed a nagaraja
 24707 | Snake:3  | Killed a nagaraja
 25212 | Snake:3  | Got a brightly glowing steel ring
 25218 | Snake:3  | Noticed Mara
 25247 | Snake:3  | Identified the ring "Hatuonew" {rC+ MR- MP+9 Int+2 Dex+4} (You took it off a naga on level 3 of the Snake Pit)
 25248 | Snake:3  | Identified the +2 scale mail of Monotheism {rPois rN+ Str+4} (You found it on level 3 of the Snake Pit)
 25403 | Snake:4  | Entered Level 4 of the Snake Pit
 25816 | Snake:4  | Reached XP level 17. HP: 130/133 MP: 32/32
 26340 | Snake:4  | HP: 1/133 [naga sharpshooter/bolt (6)]
 26343 | Snake:4  | Shot with a bolt by a naga sharpshooter

Vault maps used:
D:1:      tarquinn_simple_flora_water_e
D:2:      lemuel_crystal_altar, eat_drink_and_be_merry_uskayaw,
          nicolae_overflow_quartered_altars, xom_redecorated
D:3:      kennysheep_another_room, grunt_decor_arrowhead,
          kennysheep_jessica_study, uniq_jessica
D:4:      minmay_temple_entry_overgrown, serial_aquarium,
          aquarium_bridge_square, aquarium_bridge_straight,
          aquarium_window_fake, aquarium_window_1, aquarium_window_corner,
          aquarium_view_2a, aquarium_view_2f, aquarium_pool_S,
          cheibrodos_sewer_entry_bend, uniq_ijyb, uniq_robin
D:5:      first_ration, hangedman_abyss_or_decor_stagger,
          kennysheep_small_square
D:7:      lemuel_crystal_altar
D:8:      serial_shops, nicolae_shop_crystal
D:9:      vehumet_altar_wand_db, uniq_erica, uniq_maurice
D:10:     lair_entry_dummy, orc_0_dummy, serial_gnoll_camp,
          gnoll_camp_mini_house, gnoll_camp_mini_basic, gnoll_camp_huts_moat,
          gnoll_camp_mini_sergeant
D:11:     uniq_nergalle, uniq_psyche, uniq_fannar
D:12:     uniq_nessos
Temple:   cyrus_circular_temple
Lair:1:   lab_entry_generic, basic_altar, lemuel_fruit_tree,
          lemuel_fruit_fields, serial_bayou_shore_a, minmay_lair_oklob_chamber
Lair:2:   lemuel_ratsnest, minmay_lindwurm_lava
Lair:3:   minmay_snake_entry_six_corridors, portal_ice_cave_entry_pillars_1,
          wad_woods_antlair, serial_bayou_shore_b
Lair:4:   minmay_shoals_entry_beasts, serial_bayou_shore_b
Lair:5:   minmay_slime_entry_jelly_boxes, grunt_megastairs_5,
          infiniplex_staircase_pool_2, uniq_josephine
Lair:6:   hangedman_lair_tendril_chambers, minivault_27
Snake:2:  spider_trap, st_stairs_14, uniq_vashnia
Snake:3:  stair_cage_line, nrook_guardian_serpent_double, uniq_mara
Snake:4:  snake_pit, grunt_ministairs_2, corexii_hall_statues_x
Orc:1:    serial_shops, nicolae_shop_stone
Orc:2:    pf_orc_diabolical
Lab:      labyrinth_hidden_loot, nicolae_lab_plus, labyrinth_skeletal_remains,
          nicolae_lab_stuck
IceCv:    ice_cave_small_giant

Skill      XL: |  1  2  3  4  5  6  7  8  9 10 11 12 13 14 15 16 17 |
---------------+----------------------------------------------------+-----
Invocations    | 1 2 3 4 5 6 7 8 9 10 11 12 | 12.2
Long Blades    | 1 2 3 4 5 6 7 8 9 10 11 | 11.2
Axes           | 1 2 3 4 5 6 7 8 9 10 11 | 11.2
Polearms       | 1 2 3 4 5 6 7 8 9 10 11 | 11.2
Staves         | 1 2 3 4 5 6 7 8 9 10 11 | 11.2
Slings         | 1 2 3 4 5 6 7 8 9 10 11 | 11.2
Bows           | 1 2 3 4 5 6 7 8 9 10 11 | 11.2
Crossbows      | 1 2 3 4 5 6 7 8 9 10 11 | 11.2
Dodging        | 1 2 3 4 5 6 7 8 9 10 11 | 11.2
Shields        | 1 2 3 4 5 6 7 8 9 10 11 | 11.2
Unarmed Combat | 1 2 3 4 5 6 7 8 9 10 11 | 11.2
Spellcasting   | 1 2 3 4 5 6 7 8 9 10 11 | 11.2
Evocations     | 1 2 3 4 5 6 7 8 9 10 11 | 11.2
Conjurations   | 1 2 3 4 5 6 7 8 9 |  9.6
Hexes          | 1 2 3 4 5 6 7 8 9 |  9.6
Charms         | 1 2 3 4 5 6 7 8 9 |  9.6
Summonings     | 1 2 3 4 5 6 7 8 9 |  9.6
Necromancy     | 1 2 3 4 5 6 7 8 9 |  9.6
Translocations | 1 2 3 4 5 6 7 8 9 |  9.6
Transmutations | 1 2 3 4 5 6 7 8 9 |  9.6
Fire Magic     | 1 2 3 4 5 6 7 8 9 |  9.6
Ice Magic      | 1 2 3 4 5 6 7 8 9 |  9.6
Air Magic      | 1 2 3 4 5 6 7 8 9 |  9.6
Earth Magic    | 1 2 3 4 5 6 7 8 9 |  9.6
Poison Magic   | 1 2 3 4 5 6 7 8 9 |  9.6
Short Blades   | 3 4 5 6 7 8 9 10 11 | 11.5
Stealth        | 3 4 5 6 7 8 9 10 11 | 11.5
Fighting       | 5 6 7 8 9 10 11 12 | 12.0
Maces & Flails | 5 6 7 8 9 10 11 12 | 12.0
Throwing       | 5 6 7 8 9 10 11 12 | 12.0
Armour         | 5 6 7 8 9 10 11 12 | 12.0

Action                   |  1- 3 |  4- 6 |  7- 9 | 10-12 | 13-15 | 16-18 || total
-------------------------+-------+-------+-------+-------+-------+-------++-------
Melee: Mace              |    89 |   157 |       |       |       |       ||   246
       Bite              |    12 |    23 |    45 |   128 |   296 |    56 ||   560
       Punch             |       |     1 |       |       |       |       ||     1
       Short sword       |       |    17 |   285 |       |       |       ||   302
       Scimitar          |       |       |     4 |   545 |  1011 |       ||  1560
       Eveningstar       |       |       |       |       |    11 |       ||    11
       Demon trident     |       |       |       |       |   104 |   430 ||   534
Throw: Tomahawk          |       |       |       |     9 |       |       ||     9
       Javelin           |       |       |       |       |    53 |    28 ||    81
 Cast: Bolt of Magma     |       |       |       |       |     5 |    22 ||    27
       Mephitic Cloud    |       |       |       |       |     2 |       ||     2
Invok: Temporal Distorti |       |       |       |     1 |       |       ||     1
       Slouch            |       |       |       |     5 |     7 |     8 ||    20
Evoke: Wand              |       |       |    19 |    21 |    23 |     1 ||    64
  Use: Potion            |       |     2 |     7 |       |     1 |     7 ||    17
       Scroll            |       |       |     6 |    16 |     9 |    11 ||    42
 Stab: Sleeping          |     3 |       |       |     1 |    10 |    18 ||    32
       Paralysed         |       |       |     2 |       |       |       ||     2
       Confused          |       |       |       |       |     3 |       ||     3
       Distracted        |       |       |       |       |     1 |     2 ||     3
  Eat: Chunk             |       |     8 |     5 |    16 |    22 |     9 ||    60
       Ration            |       |       |     1 |     2 |       |       ||     3
Armor: Ring mail         |    44 |    95 |    33 |       |       |       ||   172
       Skin              |       |       |   113 |       |       |       ||   113
       Chain mail        |       |       |    30 |   189 |       |       ||   219
       Plate armour      |       |       |       |    71 |   349 |       ||   420
       Scale mail        |       |       |       |       |    39 |    91 ||   130
Dodge: Dodged            |    50 |    83 |    56 |   309 |   803 |   222 ||  1523
Block: Shield            |       |    56 |   126 |   250 |       |       ||   432
       Buckler           |       |       |       |   135 |   532 |   148 ||   815
       Rpst.: Scimitar   |       |       |       |    70 |   175 |       ||   245

Table legend:
 A = Spawn XP
 B = Non-spawn XP
 C = Spawn XP percentage of total XP
 D = Spawn monster count
 E = Non-spawn monster count
 F = Spawn count percentage of total count
 G = Total turns spent on level
                    A         B        C        D         E        F      G
               +---------+---------+-------+---------+---------+-------+---------
         Total |       0 |  202282 |   0.0 |       0 |     895 |   0.0 | 26343
               +---------+---------+-------+---------+---------+-------+---------
           D:1 |       0 |      37 |   0.0 |       0 |      21 |   0.0 |   645
           D:2 |       0 |      41 |   0.0 |       0 |      10 |   0.0 |   894
           D:3 |       0 |     137 |   0.0 |       0 |      29 |   0.0 |   740
           D:4 |       0 |     255 |   0.0 |       0 |      20 |   0.0 |  1319
           D:5 |       0 |     565 |   0.0 |       0 |      15 |   0.0 |   736
           D:6 |       0 |     591 |   0.0 |       0 |      13 |   0.0 |   579
           D:7 |       0 |    2082 |   0.0 |       0 |      54 |   0.0 |   866
           D:8 |       0 |    1647 |   0.0 |       0 |      19 |   0.0 |   745
           D:9 |       0 |    3841 |   0.0 |       0 |      45 |   0.0 |  1266
          D:10 |       0 |    2877 |   0.0 |       0 |      56 |   0.0 |   985
          D:11 |       0 |    7385 |   0.0 |       0 |      29 |   0.0 |   707
          D:12 |       0 |    8118 |   0.0 |       0 |      30 |   0.0 |  1299
        Lair:1 |       0 |    7369 |   0.0 |       0 |      34 |   0.0 |  1328
        Lair:2 |       0 |    6500 |   0.0 |       0 |      55 |   0.0 |   922
        Lair:3 |       0 |   10528 |   0.0 |       0 |      46 |   0.0 |  1112
        Lair:4 |       0 |    3092 |   0.0 |       0 |      10 |   0.0 |   731
        Lair:5 |       0 |   10739 |   0.0 |       0 |      44 |   0.0 |  1819
        Lair:6 |       0 |   23501 |   0.0 |       0 |      72 |   0.0 |  1189
       Snake:1 |       0 |   20403 |   0.0 |       0 |      38 |   0.0 |  1435
       Snake:2 |       0 |   16497 |   0.0 |       0 |      27 |   0.0 |  1072
       Snake:3 |       0 |   18440 |   0.0 |       0 |      40 |   0.0 |   826
       Snake:4 |       0 |   26621 |   0.0 |       0 |      46 |   0.0 |   865
         Orc:1 |       0 |    1601 |   0.0 |       0 |      24 |   0.0 |   643
         Orc:2 |       0 |   18784 |   0.0 |       0 |      79 |   0.0 |  1776
           Lab |       0 |    1690 |   0.0 |       0 |       3 |   0.0 |   613
         IceCv |       0 |    8941 |   0.0 |       0 |      36 |   0.0 |  1208
               +---------+---------+-------+---------+---------+-------+---------
